 Dungeon Crawl Stone Soup version 0.14-a0-2124-ga163777 (webtiles) character file.

2169 Jenx the Martial Artist (level 9, -1/45 HPs)
             Began as a Vine Stalker Monk on Jan 27, 2014.
             Was an Elder of Dithmengos.
             Slain by a yak (7 damage)
             ... on Level 8 of the Dungeon.
             The game lasted 00:18:59 (6036 turns).

Jenx the Martial Artist (Vine Stalker Monk)         Turns: 6036, Time: 00:18:59

HP  -1/45        AC  9     Str 13      XL: 9   Next: 10%
MP   0/12        EV  9     Int 13      God: Dithmengos [****..]
Gold 354         SH  0     Dex 21      Spells:  0 memorised,  8 levels left

rFire  . . .     SeeInvis .       - Unarmed
rCold  . . .     Clarity  .     D - +1 elf ring mail
rNeg   . . .     Conserve .     (no shield)
rPois  +         rCorr    .     (no helmet)
rElec  .         rRot     +     i - +0 cloak
SustAb . .       Spirit   +     (no gloves)
rMut   .         Warding  .     (no boots)
Saprov . . .     Stasis   .     (no amulet)
MR     +....                    J - ring "Thob" {AC+2 Dex+3 Dam+4}
                                t - ring of poison resistance

@: about to teleport, wreathed by umbra, somewhat resistant to hostile
enchantments, very stealthy
A: fangs 3, regeneration 2, magic shield, antimagic bite, no device heal
a: Shadow Step, Renounce Religion


You were on level 8 of the Dungeon.
You worshipped Dithmengos.
Dithmengos was greatly pleased with you.
You were not hungry.

You visited 2 branches of the dungeon, and saw 9 of its levels.

You collected 354 gold pieces.

Inventory:

Missiles
 C - 6 javelins (quivered)
Armour
 i - a +0 cloak (worn)
 D - a +1 elven ring mail (worn)
Magical devices
 A - a wand of cold (7)
 L - a wand of teleportation (3)
Comestibles
 b - 3 bread rations
 h - a sausage
 m - 2 pears
 z - 5 apples
 F - 13 sultanas
 H - a rotting chunk of centaur flesh
Scrolls
 d - a scroll of blinking {unknown}
 e - a scroll of noise {unknown}
 f - 3 scrolls of teleportation {unknown}
 g - a scroll of random uselessness {unknown}
 j - a scroll of immolation {unknown}
 k - 3 scrolls of recharging {unknown}
 p - 7 scrolls of amnesia {unknown}
 r - 3 scrolls of curse jewellery {unknown}
 s - 2 scrolls of identify
 u - 2 scrolls of fear {unknown}
 v - 2 scrolls of enchant weapon I {unknown}
 x - 2 scrolls of curse weapon {unknown}
 y - 2 scrolls of remove curse {unknown}
 B - a scroll of enchant armour {unknown}
 K - 2 scrolls of fog {unknown}
Jewellery
 l - an uncursed amulet of resist mutation {unknown}
 t - a ring of poison resistance (left hand)
 G - an uncursed amulet of conservation
 J - the ring "Thob" (right hand) {AC+2 Dex+3 Dam+4}
   (You found it on level 7 of the Dungeon)

   [ring of protection]

   It affects your AC (+2).
   It affects your dexterity (+3).
   It affects your damage with ranged weapons and melee attacks (+4).
Potions
 a - a potion of invisibility {unknown}
 c - 2 potions of brilliance {unknown}
 n - a potion of might {unknown}
 o - a potion of magic {unknown}
 w - a potion of mutation {unknown}
 E - 3 potions of curing
 I - 2 potions of poison {unknown}
Books
 q - a book of Unlife

   Spells                             Type                      Level
   Recall                             Summoning/Translocation      3
   Animate Dead                       Necromancy                   4
   Control Undead                     Necromancy                   4
   Twisted Resurrection               Necromancy                   5
   Death Channel                      Necromancy                   6
   Simulacrum                         Ice/Necromancy               6


   Skills:
 + Level 4.1 Fighting
 - Level 3.0 Armour
 - Level 2.4 Dodging
 - Level 5.0 Stealth
 * Level 10.4 Unarmed Combat


You had 8 spell levels left.
You didn't know any spells.

Dungeon Overview and Level Annotations

Branches:
Dungeon (8/16)             Temple (1/1) D:5
   Lair: D:8-11

Altars:
Ashenzari
Dithmengos
Elyvilon
Yredelemnul
Zin

Shops:
D:7 [


Innate Abilities, Weirdness & Mutations

You have razor-sharp teeth.
You heal very quickly.
When hurt, damage is shared between your health and your magic reserves.
Your bite disrupts and absorbs the magic of your enemies.
Potions and wands cannot restore your HP.


Message History

You closely miss the yak. Your bite misses the yak.
The yak is moderately wounded.
The yak gores you. The yak gores you but does no damage.
Evoke which item? (* to show all) (? for menu, Esc to quit)
Zapping:
L - a wand of teleportation (4)
Press: ? - help, Shift-Dir - straight line, f - you You feel strangely unstable.
This wand has 3 charges left.
The yak gores you but does no damage. The yak gores you!
You hit the yak. You bite the yak. You drain its power.
You feel invigorated.
The yak is severely wounded.
The yak gores you!
* * * LOW HITPOINT WARNING * * *
The yak gores you.
* * * LOW HITPOINT WARNING * * *
You punch the yak! You bite the yak. You drain its power.
You feel invigorated.
The yak is almost dead.
The yak gores you but does no damage. The yak gores you.
* * * LOW HITPOINT WARNING * * *
The yak gores you!
You die...

#...##.. ###...... #.#......
#.#...... #.#..... #.#.#....
.. #...... ### . #......
##@## ##....# ###..Y# #....#
#.##Y###########....#
#.##K#...%.#.%#......
###..YY#ā‰ˆ....'.%#......
###.##...#..P..'..#......
#.....#...ā‰ˆ....'..#.....#
#........#.....#..#.....#
##.......#ā‰ˆ.Pā‰ˆP##+#.....#


You could see 2 yaks, a big kobold and 2 sheep.

Vanquished Creatures
  2 sky beasts
  A black bear (D:8)
  2 ice beasts
  A centaur (D:7)
  A big kobold (D:8)
  4 ogres
  2 giant frogs (D:6)
  A water moccasin (D:8)
  A jelly (D:8)
  2 hounds
  2 crimson imps (D:6)
  Crazy Yiuf (D:5)
  2 iguanas
  A scorpion (D:6)
  4 orc wizards
  2 worker ants (D:5)
  An ogre zombie (D:8)
  4 adders
  4 gnolls (D:3)
  An orc skeleton (D:8)
  A worm zombie (D:6)
  3 giant mites
  5 giant geckos
  2 oozes (D:2)
  13 orcs
  13 bats
  9 giant cockroaches
  14 goblins
  18 hobgoblins
  8 kobolds
  4 quokkas
  3 ball pythons
  A giant gecko skeleton (D:6)
  5 giant newts
  3 jackals
  A kobold skeleton (D:4)
  2 kobold zombies
  17 rats
  A rat skeleton (D:7)
  A fungus (D:5)
163 creatures vanquished.

Notes
Turn   | Place    | Note
--------------------------------------------------------------
     0 | D:1      | Jenx, the Vine Stalker Monk, began the quest for the Orb.
     0 | D:1      | Reached XP level 1. HP: 11/11 MP: 1/1
   132 | D:1      | Reached XP level 2. HP: 10/16 MP: 0/3
   556 | D:1      | Reached XP level 3. HP: 14/19 MP: 4/4
   559 | D:1      | Reached skill level 5 in Unarmed Combat
   985 | D:2      | Found a shadowy altar of Dithmengos.
  1000 | D:2      | Became a worshipper of Dithmengos
  1000 | D:2      | Acquired Dithmengos' first power
  1074 | D:2      | Reached XP level 4. HP: 20/23 MP: 5/5
  1616 | D:3      | HP: 1/23 [orc/orcish short sword (3)]
  1675 | D:3      | HP: 1/23 [gnoll/spear (2)]
  2066 | D:3      | Reached skill level 6 in Unarmed Combat
  2066 | D:3      | Reached XP level 5. HP: 27/27 MP: 7/7
  2618 | D:3      | Found a white marble altar of Elyvilon.
  2972 | D:4      | Acquired Dithmengos' second power
  3248 | D:4      | Gained mutation: You heal very quickly. [vine stalker growth]
  3248 | D:4      | Reached XP level 6. HP: 29/32 MP: 8/8
  3440 | D:5      | Entered Level 5 of the Dungeon
  3482 | D:5      | Got a smoking whip
  3509 | D:5      | Reached skill level 7 in Unarmed Combat
  3549 | D:5      | Reached skill level 1 in Armour
  3725 | D:5      | Found a staircase to the Ecumenical Temple.
  3751 | Temple   | Entered the Ecumenical Temple
  3908 | D:5      | Reached XP level 7. HP: 20/35 MP: 6/9
  4273 | D:5      | Noticed Crazy Yiuf
  4282 | D:5      | Killed Crazy Yiuf
  4539 | D:6      | Reached skill level 8 in Unarmed Combat
  4812 | D:6      | Gained mutation: You have razor-sharp teeth. [vine stalker growth]
  4812 | D:6      | Reached XP level 8. HP: 39/39 MP: 11/11
  5075 | D:6      | Identified the +1,+6 whip of Brutal Revenge {speed, -Tele rC+} (You found it on level 5 of the Dungeon)
  5325 | D:7      | Reached skill level 9 in Unarmed Combat
  5339 | D:7      | Found a basalt altar of Yredelemnul.
  5378 | D:7      | Reached skill level 5 in Stealth
  5385 | D:7      | Found Ytotajuo's Antique Armour Emporium.
  5466 | D:7      | Got a slimy wooden ring
  5473 | D:7      | Identified the ring "Thob" {AC+2 Dex+3 Dam+4} (You found it on level 7 of the Dungeon)
  5517 | D:7      | Acquired Dithmengos' third power
  5774 | D:8      | Reached skill level 10 in Unarmed Combat
  5941 | D:8      | Reached XP level 9. HP: 45/45 MP: 8/12
  6036 | D:8      | Slain by a yak

Action                   |  1- 3 |  4- 6 |  7- 9 || total
-------------------------+-------+-------+-------++-------
Melee: Unarmed           |   108 |   198 |   133 ||   439
Throw: Javelin           |       |       |    35 ||    35
Invok: Shadow Step       |       |       |     1 ||     1
Evoke: Wand              |       |     1 |     2 ||     3
  Use: Potion            |       |     2 |       ||     2
       Scroll            |       |       |     5 ||     5
 Stab: Sleeping          |     3 |    10 |    12 ||    25
       Distracted        |       |       |     1 ||     1
